 Dungeon Crawl Stone Soup version 0.26.1-11-gd32895ea62 (webtiles) character file.

Game seed: 5786467656513675879

1501 Zeld the Cleaver (level 8, -6/62 (64) HPs)
             Began as a Minotaur Berserker on May 23, 2021.
             Was a Priest of Trog.
             Mangled by Menkaure (18 damage)
             ... on level 6 of the Dungeon.
             The game lasted 00:05:26 (6279 turns).

Zeld the Cleaver (Minotaur Berserker)               Turns: 6279, Time: 00:05:26

HP:   -6/62 (64)    AC:  2    Str: 24    XL:     8   Next: 52%
MP:   7/7           EV: 12    Int:  4    God:    Trog [***...]
Gold: 347           SH:  0    Dex: 10    Spells: 7/7 levels left

rFire    . . .     SeeInvis .   a - +0 hand axe
rCold    . . .     Faith    .   (no shield)
rNeg     . . .     Spirit   .   (no armour)
rPois    .         Reflect  .   (helmet restricted)
rElec    .         Harm     .   o - +0 cloak
rCorr    .         Rampage  .   q - +0 pair of gloves
Will     .....                  (no boots)
Stlth    +.........             (no amulet)
HPRegen  0.20/turn              (no ring)
MPRegen  0.10/turn              (no ring)

@: berserk cooldown, slowed, lightly drained, very slow
A: retaliatory headbutt, horns 2
a: Renounce Religion, Berserk, Trog's Hand


You were on level 6 of the Dungeon.
You worshipped Trog.
Trog was most pleased with you.
You visited 1 branch of the dungeon, and saw 6 of its levels.

You collected 347 gold pieces.

Inventory:

Hand Weapons
 a - a +0 hand axe (weapon)
Armour
 o - a +0 cloak (worn)
 q - a +0 pair of gloves (worn)
Jewellery
 c - an uncursed ring of flight
Scrolls
 b - 7 scrolls of identify {unknown}
 e - 3 scrolls of magic mapping {unknown}
 i - 3 scrolls of random uselessness {unknown}
 j - 5 scrolls of fear {unknown}
 k - 2 scrolls of blinking {unknown}
 l - 2 scrolls of remove curse {unknown}
 n - 2 scrolls of teleportation {unknown}
 s - a scroll of enchant weapon {unknown}
 v - a scroll of fog {unknown}
 w - a scroll of immolation {unknown}
Potions
 d - 4 potions of heal wounds {unknown}
 f - 4 potions of curing {unknown}
 g - a potion of ambrosia {unknown}
 h - a potion of brilliance {unknown}
 m - 2 potions of haste {unknown}
 p - a potion of berserk rage {unknown}
 r - 3 potions of attraction {unknown}
 t - a potion of mutation {unknown}
 u - a potion of degeneration {unknown}


   Skills:
 - Level 3.6 Fighting
 * Level 12.8 Axes
 - Level 2.4 Armour
 - Level 2.1 Dodging


You had 7 spell levels left.
You didn't know any spells.
Your spell library was empty.

Dungeon Overview and Level Annotations

Branches:
Dungeon (6/15)             Temple (0/1) D:5

Altars:
Dithmenos
Kikubaaqudgha
Nemelex Xobeh
Trog
Zin

Shops:
D:4 [

Annotations:
D:6 Menkaure


Innate Abilities, Weirdness & Mutations

You reflexively headbutt those who attack you in melee.
You have a pair of horns on your head.


Message History

An adder skeleton comes into view.
Press: ? - help, v - describe, . - travel
Here: a wight, wielding a +1 dire flail of protection and wearing a +0 robe The floor.
A wight comes into view. It is wielding a +0 halberd.
A ball python comes into view.
The wight hits you with a +2 long sword of freezing!
The wight freezes you.
Menkaure calls on the powers of darkness!
Your body is wracked with pain!
The wight closely misses you. You furiously retaliate!
You headbutt the wight. Menkaure casts a spell at you.
You struggle to resist.
You see here a hound corpse.
The wight hits you with a cursed +3 scimitar!
* * * LOW HITPOINT WARNING * * *
You feel drained.
* * * LOW HITPOINT WARNING * * *
Menkaure hits you!!
You die...

♣........# ###...###
♣♣.......# #.#.#
#.....#..# ##### .
..##.....#..### .
#.###...##..≈.# ..
#.# #### ##.#.# ..
#z# #.#.# ...#.#
######†#.# ..M#z#
#...##.#@## .....#
#......Mz.#.#
#.####...##.z....#
#.S.......z.......#
#.....#.#.#......##
>.....#...........#.#
.........#.#.###.##.#
##..........## ### ..
#########.## #


You could see Menkaure (fast) and 3 wights.

Vanquished Creatures
  The ghost of Zeld the Twirler, an amateur OpGl (D:3)
  Sigmund (D:2)
  An ice beast (D:5)
  A sky beast (D:6)
  A centaur (D:3)
  2 bullfrogs
  A bullfrog zombie (D:6)
  3 hounds
  3 bullfrog skeletons
  A centaur skeleton (D:3)
  3 orc priests
  A jelly (D:5)
  An orc wizard (D:4)
  Jessica (D:2)
  An iguana (D:5)
  3 worker ants
  A hound zombie (D:5)
  A hound skeleton (D:5)
  Robin (D:2)
  6 adders
  2 shadow imps (D:5)
  2 white imps
  3 oozes
  An adder skeleton (D:5)
  A worm (D:2)
  2 dart slugs
  4 leopard geckos
  21 orcs
  4 ball pythons
  7 giant cockroaches
  8 hobgoblins
  12 jackals
  3 kobolds
  6 bats
  2 frilled lizards (D:1)
  10 goblins
  7 rats
129 creatures vanquished.

Notes
Turn   | Place    | Note
-------+----------+-------------------------------------------
     0 | D:1      | Zeld the Minotaur Berserker began the quest for the Orb.
     0 | D:1      | Reached XP level 1. HP: 19/19 MP: 0/0
   154 | D:1      | Reached skill level 4 in Axes
   357 | D:1      | Reached XP level 2. HP: 25/26 MP: 1/1
   787 | D:1      | Reached skill level 5 in Axes
   964 | D:2      | Reached ** piety under Trog
   965 | D:2      | Reached XP level 3. HP: 28/31 MP: 2/2
  1015 | D:2      | Noticed Jessica
  1021 | D:2      | Killed Jessica
  1181 | D:2      | Reached skill level 6 in Axes
  1181 | D:2      | Reached XP level 4. HP: 32/39 MP: 3/3
  1293 | D:2      | Noticed Robin
  1306 | D:2      | Killed Robin
  1506 | D:2      | Noticed Sigmund
  1512 | D:2      | Killed Sigmund
  1513 | D:2      | Reached skill level 8 in Axes
  1513 | D:2      | Reached XP level 5. HP: 45/45 MP: 4/4
  1513 | D:2      | Reached XP level 6. HP: 51/51 MP: 5/5
  1842 | D:3      | Found a runed translucent gate.
  1842 | D:3      | Found a runed translucent gate.
  1844 | D:3      | Found a runed translucent gate.
  1844 | D:3      | Noticed Zeld's ghost (amateur OpGl)
  1851 | D:3      | Found an ancient bone altar of Kikubaaqudgha.
  2416 | D:3      | Reached *** piety under Trog
  2578 | D:3      | Reached skill level 9 in Axes
  2728 | D:3      | Found a shadowy altar of Dithmenos.
  3262 | D:3      | Killed Zeld's ghost
  3263 | D:3      | Reached skill level 10 in Axes
  3263 | D:3      | Reached XP level 7. HP: 45/57 MP: 6/6
  3626 | D:4      | Found Sucvitud's Antique Armour Shop.
  3722 | D:4      | Found a sparkling altar of Nemelex Xobeh.
  3783 | D:4      | Reached skill level 11 in Axes
  4147 | D:5      | Entered Level 5 of the Dungeon
  4485 | D:5      | Reached XP level 8. HP: 63/64 MP: 7/7
  4528 | D:5      | Found a bloodstained altar of Trog.
  4808 | D:5      | Found a staircase to the Ecumenical Temple.
  5510 | D:5      | Reached skill level 12 in Axes
  5979 | D:6      | Found a glowing silver altar of Zin.
  6267 | D:6      | Noticed Menkaure
  6279 | D:6      | Mangled by Menkaure

Illustrated notes

Levels and vault maps discovered:
D:1:      onia_arrival_mini_maze, layout_loops_ring
D:2:      layout_basic, uniq_robin, uniq_jessica, uniq_sigmund
D:3:      layout_loops_cross, nicolae_overflow_crystal_walls,
          lemuel_crystal_altar, gammafunk_ghost_necromancy
D:4:      layout_rooms, lemuel_crystal_altar, serial_shops, shop,
          minmay_misc_feat_rows, minmay_misc_feat_tiny
D:5:      layout_gridville, kennysheep_little_box,
          minmay_temple_entry_from_below_b
D:6:      layout_loops_ring, zin_academy, kb_lookout_dungeons_type,
          uniq_crazy_yiuf_cottage, uniq_menkaure

Skill      XL: |  1  2  3  4  5  6  7  8 |
---------------+-------------------------+-----
Axes           | 4 5 6 8 10 11 12 | 12.8
Fighting       | |  3.6
Armour         | |  2.4
Dodging        | |  2.1

Action                   |  1- 3 |  4- 6 |  7- 9 || total
-------------------------+-------+-------+-------++-------
Melee: Hand axe          |    45 |   120 |   134 ||   299
       Headbutt          |     6 |    20 |    26 ||    52
Invok: Berserk           |       |     3 |     6 ||     9
 Stab: Sleeping          |       |       |     1 ||     1
Armor: Skin              |       |       |     6 ||     6
Dodge: Dodged            |    31 |    71 |    58 ||   160
